 Dungeon Crawl Stone Soup version 0.25-a0-458-g6fc7858b95 (webtiles) character file.

Game seed: 11128962908211055545, levelgen mode: deterministic

7 Hasart the Shield-Bearer (level 2, 0/21 HPs)
             Began as an Octopode Fighter on Feb 2, 2020.
             Slain by a jackal (2 damage)
             ... on level 1 of the Dungeon.
             The game lasted 00:00:19 (45 turns).

Hasart the Shield-Bearer (Octopode Fighter)           Turns: 45, Time: 00:00:20

Health: 0/21       AC:  1    Str: 15    XL:     2   Next: 4%
Magic:  2/2        EV: 11    Int: 10    God:
Gold:   0          SH:  8    Dex: 11    Spells: 1/1 levels left

rFire    . . .     SeeInvis .   a - +0 flail
rCold    . . .     Gourm    .   b - +0 shield
rNeg     . . .     Faith    .   (helmet restricted)
rPois    .         Spirit   .   (no amulet)
rElec    .         Reflect  .   f - ring of teleportation (curse)
rCorr    .         Harm     .   (no ring)
MR       .....     Rnd*Tele +   (no ring)
Stlth    ++........             (no ring)
HPRegen  0.07/turn              (no ring)
MPRegen  0.08/turn              (no ring)
                                (no ring)
                                (no ring)

@: no status effects
A: almost no armour, stealthy swim, amphibious, 8 rings, constrict 8, camouflage
1, gelatinous body 1
a: no special abilities


You were on level 1 of the Dungeon.
You were not hungry.

You visited 1 branch of the dungeon, and saw 1 of its levels.

Inventory:

Hand Weapons
 a - a +0 flail (weapon)
Armour
 b - a +0 shield (worn)
Jewellery
 f - a cursed ring of teleportation (left tentacle)
Scrolls
 e - 3 scrolls of random uselessness {unknown}
Potions
 c - a potion of might
Comestibles
 d - a ration


   Skills:
 + Level 3.1 Fighting
 * Level 2.3 Maces & Flails
 + Level 3.1 Dodging
 + Level 3.1 Shields


You had one spell level left.
You didn't know any spells.
Your spell library was empty.

Dungeon Overview and Level Annotations

Branches:
Dungeon (1/15)

Altars:


Innate Abilities, Weirdness & Mutations

You cannot wear most types of armour.
You are very stealthy in the water. (Stealth+)
You are amphibious.
You can wear up to eight rings at the same time.
You can use your tentacles to constrict eight enemies at once.
Your skin changes colour to match your surroundings (Stealth+).
Your rubbery body absorbs attacks. (AC +1, EV +1)


Message History

You thump the jackal!
You kill the jackal!
The jackal misses you.
You closely miss the jackal. You grab the jackal.
Your squeeze misses the jackal. You constrict the jackal. The jackal bites you.
The jackal closely misses you.
You sock the jackal!
You kill the jackal!
The jackal bites you but does no damage.
You closely miss the jackal. You grab the jackal. You constrict the jackal.
The jackal closely misses you. The jackal bites you.
* * * LOW HITPOINT WARNING * * *
You sock the jackal!
You kill the jackal!
You have reached level 2!
The jackal completely misses you.
You closely miss the jackal. Your grab misses the jackal. The jackal bites you.
* * * LOW HITPOINT WARNING * * *
The jackal bites you.
You die...

#........# .........##
#...# #....#
#†..##.....## ####
#)..#.......# #...#+
#...#.......# .....####
#...#.......#
#.....##+#..###.....####
#.......#..@hl.........
####'#.....###r.........
#....#+#..## #..........
#<...# #### #.[........
###### #......#...
........## ......?##...
.....#.# #... .#...#.#
.....


You could see a leopard gecko, a jackal and a rat.

Vanquished Creatures
  A giant cockroach (D:1)
  A goblin (D:1)
  3 jackals (D:1)
  A rat (D:1)
6 creatures vanquished.

Notes
Turn   | Place    | Note
-------+----------+-------------------------------------------
     0 | D:1      | Hasart the Octopode Fighter began the quest for the Orb.
     0 | D:1      | Reached XP level 1. HP: 16/16 MP: 1/1
    44 | D:1      | Reached XP level 2. HP: 4/21 MP: 2/2
    45 | D:1      | Slain by a jackal

Levels and vault maps discovered:
D:1:      dpeg_arrival_short_road, layout_rooms

Action                   || total
-------------------------++-------
Melee: Flail             ||    13
       Constrict         ||     5
       Tentacles         ||     1
Armor: Skin              ||     3
Dodge: Dodged            ||    15
Block: Shield            ||     7

Table legend:
 A = Non-vault XP
 B = Vault XP
 C = Vault XP percentage of total XP
 D = Non-vault monster count
 E = Vault monster count
 F = Vault count percentage of total count
                 A         B        C        D         E       F
            +---------+---------+-------+---------+---------+-------
      Total |      11 |       0 |   0.0 |       6 |       0 |   0.0
            +---------+---------+-------+---------+---------+-------
        D:1 |      11 |       0 |   0.0 |       6 |       0 |   0.0
            +---------+---------+-------+---------+---------+-------
